cohdb
Replays
Latest Replays
All Replays
Popular Replays
Top Player Replays
Match Explorer
How It Works
Community
CoH3 Stats
Reddit
Sign in to upload your games and track your stats! →
Sign in with Steam
Match 35434950
Unlisted
Match 35434950
Overview
Messages
Build Orders
End
Construct Barracks
Riflemen Squad
1⁄4-ton 4x4 Truck
Selects Armored Battlegroup
Selects Veteran Crews
Riflemen Squad
Riflemen Squad
Mechanized Support Center
Designate Forward Repair Station
Construct Medical Station
Selects Strength in Steel
Construct Motor Pool
M1 Anti-tank Gun Team
M1918 Browning Automatic Rifles
Grenade Package
Selects M8 Scott SPG
M8 Scott SPG
Designate Forward Repair Station
Selects UNKNOWN (2160077)
M8 Scott SPG
M1 Anti-tank Gun Team
Selects Field Repairs
Construct Tank Depot
Rapid Repairs
Designate Forward Repair Station
M4A3E8 Sherman Easy Eight
Engineer Squad
Selects War Machine
Mortar Pit
Mortar Pit
Mortar Pit
M4A3E8 Sherman Easy Eight
Improvised Armor
kerem
Achilles Gaming @ YouTube
Field marshal Prince
NoobMaster
Leslie
光光朱
zpl0905
万物终腐朽-慈父予新生
0
0
Comments
sign in to comment!
No comments posted yet!